 Dungeon Crawl Stone Soup version 0.17.1-1-g73c8601 (webtiles) character file.

1327 Glider the Covert (level 8, 0/36 HPs)
             Began as a Spriggan Enchanter on Dec 30, 2015.
             Slain by an orc warrior
             ... wielding a +0 glaive
              (27 damage)
             ... on level 6 of the Dungeon.
             The game lasted 00:25:19 (5610 turns).

Glider the Covert (Spriggan Enchanter)              Turns: 5610, Time: 00:25:21

Health: 0/36       AC:  4    Str:  4    XL:     8   Next: 34%
Magic:  15/18      EV: 19    Int: 18    God:
Gold:   142        SH:  0    Dex: 21    Spells: 4 memorised, 10 levels left

rFire  . . .     SeeInvis +     y - +2 short sword (flame)
rCold  + . .     Clarity  .     b - +2 robe
rNeg   . . .     SustAt   .     (shield restricted)
rPois  .         Gourm    .     (helmet restricted)
rElec  .         Spirit   .     (no cloak)
rCorr  .         Warding  .     (gloves unavailable)
rMut   .         Stasis   +     (boots unavailable)
MR     +....                    F - amulet of stasis
Stlth  +++++.....               k - ring of protection from cold
                                G - +4 ring of dexterity

@: very quick, somewhat resistant to hostile enchantments, quite stealthy
A: unfitting armour, see invisible, herbivore 3, speed 3, slow metabolism 2
a: no special abilities


You were on level 6 of the Dungeon.
You were not hungry.

You visited 1 branch of the dungeon, and saw 6 of its levels.

You collected 237 gold pieces.
You spent 95 gold pieces at shops.

Inventory:

Hand Weapons
 a - a +1 dagger
 y - a +2 short sword of flaming (weapon)
 I - a +1 shortbow of flaming
Missiles
 J - 35 arrows
Armour
 b - a +2 robe (worn)
Jewellery
 k - a ring of protection from cold (right hand)
 o - an uncursed ring of positive energy
 C - a +4 ring of strength
 F - an amulet of stasis (around neck)
 G - a +4 ring of dexterity (left hand)
Wands
 t - a wand of teleportation (6)
 H - a wand of fire (6)
 K - a wand of slowing (32)
Scrolls
 f - a scroll of remove curse
 h - 2 scrolls of enchant armour
 i - 2 scrolls of recharging
 j - a scroll of magic mapping {unknown}
 m - 2 scrolls of enchant weapon
 n - 3 scrolls of amnesia
 p - 2 scrolls of teleportation
 r - 2 scrolls of fog {unknown}
 v - 2 scrolls of immolation {unknown}
 B - a scroll of fear
 L - a scroll of identify
Potions
 e - 2 potions of curing
 g - 2 potions of might
 l - a potion of degeneration {unknown}
 q - a potion of invisibility
 u - a potion of heal wounds
 x - a potion of ambrosia
 A - a potion of lignification
 D - a potion of agility
 E - a potion of cure mutation {unknown}
Books
 c - a book of Maledictions

   Spells                             Type                      Level
   a - Corona                         Hexes                        1
   b - Ensorcelled Hibernation        Hexes/Ice                    2
   c - Confuse                        Hexes                        3
   d - Tukima's Dance                 Hexes                        3
   e - Dazzling Spray                 Conjuration/Hexes            3
 w - a book of Clouds

   Spells                             Type                      Level
   a - Mephitic Cloud                 Conjuration/Poison/Air       3
   b - Conjure Flame                  Conjuration/Fire             3
   c - Poisonous Cloud                Conjuration/Poison/Air       6
   d - Freezing Cloud                 Conjuration/Ice/Air          6
   e - Ring of Flames                 Charms/Fire                  7
Comestibles
 d - 8 bread rations
 s - a slice of pizza
 z - 3 fruits


   Skills:
 - Level 3.1 Short Blades
 * Level 2.6 Bows
 - Level 3.0 Dodging
 - Level 10.1 Stealth
 - Level 6.0 Spellcasting
 * Level 7.9 Hexes


You had 10 spell levels left.
You knew the following spells:

 Your Spells              Type           Power        Failure   Level  Hunger
a - Corona                Hex            ####...      1%          1    None
b - Ensorcelled Hibernat  Hex/Ice        ###...       4%          2    None
c - Confuse               Hex            ####....     1%          3    ##.....
d - Tukima's Dance        Hex            ####....     1%          3    ##.....


Dungeon Overview and Level Annotations

Branches:
Dungeon (6/15)
 Temple: D:4-7

Altars:
Elyvilon
Sif Muna
Vehumet
Yredelemnul
The Shining One

Shops:
D:4 *


Innate Abilities, Weirdness & Mutations

You are tiny and cannot use many weapons and most armour.
You have supernaturally acute eyesight.
You are a herbivore.
You cover ground extremely quickly.
You need consume almost no food.


Message History

Aim: Grinder (hasn't noticed you, chance to defeat MR: 60%) Grinder appears confused.
The orc shouts! x2
The orc wizard mumbles some strange words.
The orc wizard flickers and vanishes for a moment.
A quokka comes into view.
Grinder barely misses you.
You hit Grinder. You burn Grinder.
Grinder is lightly wounded.
The orc warrior hits you from afar with a glaive!
You strike the helpless Grinder from behind!
You impale Grinder!! You burn Grinder!
Grinder is severely wounded.
You catch the helpless Grinder completely off-guard!
You impale Grinder!! You burn Grinder.
You kill Grinder!
Your Bows skill increases to level 2!
The orc warrior hits you from afar with a glaive!!
Ouch! That really hurt!
You die...

#.# ######.## ###.#
#.......# #?... # #
#.####..# #.#.##.# # ##
#.#)##..# #.#....#.#
.###.......####.#.#....#
.+.)..>........o.oor....
>###<.†....####.#.#....#
## ###....## #.@.o....#
# ####.# ###.###### #.#
.# #.# .. #.# ##. #.# .#
#.# # #.. #..


You could see an orc warrior, an orc wizard (invisible), 2 orcs and a quokka.

Vanquished Creatures
  Grinder (D:6)
  2 sky beasts (D:5)
  An ogre (D:5)
  A water moccasin (D:5)
  A phantom (D:5)
  A centaur (D:5)
  A scorpion (D:4)
  A crimson imp (D:5)
  3 orc priests
  An orc wizard (D:3)
  2 jellies
  An iguana (D:4)
  2 worker ants
  8 gnolls
  10 adders
  A shadow imp (D:5)
  An ooze (D:3)
  An adder zombie (D:4)
  2 worms
  5 giant geckos
  3 orcs
  4 giant cockroaches
  8 hobgoblins
  9 jackals
  9 kobolds
  5 quokkas
  7 ball pythons
  6 bats
  3 giant newts
  7 goblins
  11 rats
118 creatures vanquished.

Vanquished Creatures (others)
  A hound skeleton (D:6)
1 creature vanquished.

Grand Total: 119 creatures vanquished

Notes
Turn   | Place    | Note
--------------------------------------------------------------
     0 | D:1      | Glider the Spriggan Enchanter began the quest for the Orb.
     0 | D:1      | Reached XP level 1. HP: 9/9 MP: 5/5
   452 | D:1      | Reached XP level 2. HP: 13/13 MP: 4/6
   456 | D:1      | Learned a level 2 spell: Ensorcelled Hibernation
  1218 | D:2      | Reached skill level 5 in Stealth
  1307 | D:2      | Reached XP level 3. HP: 16/16 MP: 8/8
  1331 | D:2      | Found a basalt altar of Yredelemnul.
  1366 | D:2      | Learned a level 3 spell: Confuse
  2172 | D:2      | Reached XP level 4. HP: 21/21 MP: 11/11
  2177 | D:2      | Learned a level 3 spell: Tukima's Dance
  2477 | D:2      | Reached skill level 5 in Hexes
  2537 | D:2      | Found a white marble altar of Elyvilon.
  2537 | D:2      | Found a glowing golden altar of the Shining One.
  2865 | D:3      | Reached XP level 5. HP: 24/24 MP: 7/13
  2882 | D:3      | Reached skill level 5 in Spellcasting
  3846 | D:4      | Reached skill level 6 in Stealth
  3846 | D:4      | Reached XP level 6. HP: 28/28 MP: 9/14
  4282 | D:4      | Found a radiant altar of Vehumet.
  4512 | D:4      | Reached skill level 7 in Stealth
  4542 | D:4      | Found Hicoilir's Assorted Antiques.
  4669 | D:4      | Bought a scroll labeled FOIMYE RECIE for 19 gold pieces
  4669 | D:4      | Bought a scroll of identify for 38 gold pieces
  4669 | D:4      | Bought a scroll of identify for 38 gold pieces
  4706 | D:5      | Entered Level 5 of the Dungeon
  4882 | D:5      | Noticed a water moccasin
  4886 | D:5      | Killed a water moccasin
  4886 | D:5      | Reached skill level 8 in Stealth
  4886 | D:5      | Reached XP level 7. HP: 32/32 MP: 14/16
  5083 | D:5      | Found a deep blue altar of Sif Muna.
  5154 | D:5      | Reached skill level 9 in Stealth
  5259 | D:5      | Reached skill level 10 in Stealth
  5329 | D:5      | Reached skill level 1 in Bows
  5329 | D:5      | Reached XP level 8. HP: 32/36 MP: 17/17
  5599 | D:6      | Noticed Grinder
  5610 | D:6      | Killed Grinder
  5610 | D:6      | Slain by an orc warrior

Action                   |  1- 3 |  4- 6 |  7- 9 || total
-------------------------+-------+-------+-------++-------
Melee: Dagger            |   134 |   117 |       ||   251
       Short sword       |       |    29 |    28 ||    57
 Fire: Shortbow          |       |       |    11 ||    11
 Cast: Corona            |     8 |     2 |       ||    10
       Confuse           |    11 |     4 |     9 ||    24
       Ensorcelled Hiber |     2 |    32 |     2 ||    36
  Use: Scroll            |       |    14 |       ||    14
 Stab: Sleeping          |    17 |    39 |    11 ||    67
       Confused          |     5 |     2 |     5 ||    12
  Eat: Bread ration      |       |     1 |       ||     1
